 Dungeon Crawl Stone Soup version 0.27-a0-931-g5a74e75d8f (webtiles) character file.

Game seed: 14481193546485468009

77 Alarkh the Insei (level 4, 23/35 HPs)
             Began as a Demonspawn Gladiator on Apr 10, 2021.
             Got out of the dungeon alive.
             The game lasted 00:01:42 (1999 turns).

Alarkh the Insei (Demonspawn Gladiator)             Turns: 1999, Time: 00:01:43

Health: 23/35      AC:  4    Str: 14    XL:     4   Next: 13%
Magic:  4/4        EV: 12    Int: 10    God:
Gold:   38         SH:  0    Dex: 15    Spells: 3/3 levels left

rFire    . . .     SeeInvis .     - Unarmed
rCold    . . .     Faith    .   (no shield)
rNeg     . . .     Spirit   .   a - +0 leather armour
rPois    .         Reflect  .   (helmet restricted)
rElec    .         Harm     .   (no cloak)
rCorr    .         Rampage  .   (no gloves)
Will     .....                  i - +0 pair of boots
Stlth    +.........             (no amulet)
HPRegen  0.11/turn              (no ring)
MPRegen  0.09/turn              (no ring)

@: no status effects
A: horns 1, spiny 1, sturdy frame 1
a: no special abilities


You escaped.
You visited 1 branch of the dungeon, and saw 3 of its levels.

You collected 38 gold pieces.

Inventory:

Missiles
 c - 3 throwing nets (quivered)
 e - 3 curare-tipped darts
Armour
 a - a +0 leather armour (worn)
 b - a +0 helmet
 i - a +0 pair of boots (worn)
Scrolls
 d - 3 scrolls of enchant armour {unknown}
 f - 2 scrolls of identify {unknown}
 h - a scroll of noise {unknown}
Potions
 j - a potion of cancellation {unknown}
 k - a potion of attraction {unknown}


   Skills:
 + Level 3.0 Fighting
 - Level 1.7 Throwing
 - Level 2.6 Dodging
 * Level 4.0 Unarmed Combat


You had 3 spell levels left.
You didn't know any spells.
Your spell library contained the following spells:

 Spells                   Type           Power      Damage    Failure   Level
 Animate Skeleton         Necr           0%         N/A       36%         1
 Apportation              Tloc           0%         N/A       36%         1
 Corona                   Hex            0%         N/A       36%         1
 Summon Small Mammal      Summ           0%         N/A       36%         1


Dungeon Overview and Level Annotations

Branches:
Dungeon (3/15)

Altars:

Shops:
D:2 !


Innate Abilities, Weirdness & Mutations

You have a pair of small horns on your head.
You are partially covered in sharp spines.
Your movements are slightly less encumbered by armour. (ER -2)


Message History

You hit Terence.
Terence is severely wounded.
Terence barely misses you.
You hit Terence but do no damage.
Terence is severely wounded.
Terence is struck by your spines. Terence hits you with a +0 mace.
* * * LOW HITPOINT WARNING * * *
Unknown command.
You hit Terence.
You kill Terence!
Your Fighting skill increases to level 3!
Your Unarmed Combat skill increases to level 4!
You have reached level 4!
You feel agile.
Your demonic ancestry asserts itself...
A pair of horns grows on your head!
Your +0 helmet falls away!
(D) Dungeon
Where to? (Enter - D:3, ? - help)
You flicker for a moment.
You flicker back into view.
There is a stone staircase leading up here.
You climb upwards.
There is a stone staircase leading down here.
Unknown command.
Your magical contamination has completely faded away.
There is an open door here.
There is a stone staircase leading up here.
You climb upwards.
There is a stone staircase leading down here.
Unknown command.
Unknown command.
Unknown command.
Unknown command.
Unknown command.
Unknown command.
You see here 18 stones.
There is an open door here.
There is a staircase leading out of the dungeon here.
Are you sure you want to leave the Dungeon?
This will make you lose the game!
You have escaped!

##.# #.##
#..# ##.##
#..#
###########.#
#..[......#.#
#...###...#.#
#.@.#.#...'.#
#...###...###
#.........#
###########


There were no monsters in sight!

Vanquished Creatures
  Terence (D:3)
  An adder (D:3)
  3 worms
  5 bats
  4 endoplasms
  A giant cockroach (D:1)
  A goblin (D:2)
  A hobgoblin (D:2)
  2 jackals (D:3)
  3 quokkas (D:2)
  2 ball pythons (D:1)
  A frilled lizard (D:2)
  5 kobolds
  4 rats
34 creatures vanquished.

Notes
Turn   | Place    | Note
-------+----------+-------------------------------------------
     0 | D:1      | Alarkh the Demonspawn Gladiator began the quest for the
                  | Orb.
     0 | D:1      | Reached XP level 1. HP: 16/16 MP: 1/1
   304 | D:1      | Reached skill level 3 in Unarmed Combat
   669 | D:1      | Gained mutation: You are partially covered in sharp spines.
                  | [demonic ancestry]
   669 | D:1      | Reached XP level 2. HP: 16/22 MP: 2/2
   785 | D:2      | Found a faded altar of an unknown god.
   844 | D:2      | Found Maisch's Distillery.
  1609 | D:2      | Gained mutation: Your movements are slightly less
                  | encumbered by armour. (ER -2) [demonic ancestry]
  1609 | D:2      | Reached XP level 3. HP: 18/28 MP: 3/3
  1802 | D:3      | Noticed Terence
  1808 | D:3      | HP: 1/28 [Terence/+0 mace (4)]
  1809 | D:3      | Killed Terence
  1810 | D:3      | Reached skill level 4 in Unarmed Combat
  1810 | D:3      | Gained mutation: You have a pair of small horns on your
                  | head. [demonic ancestry]
  1810 | D:3      | Reached XP level 4. HP: 2/35 MP: 4/4
  1999 | D:$      | Got out of the dungeon alive.

Illustrated notes

Levels and vault maps discovered:
D:1:      nicolae_arrival_memento_mori, layout_basic, hex_intersection
D:2:      layout_basic, hellmonk_ecumenical_altar_pennies_from_heaven,
          serial_shops, shop
D:3:      layout_loops_ring, grunt_temple_overflow_order_and_chaos_1,
          minmay_overflow_temple_star_quad, uniq_terence, uniq_sigmund

Skill      XL: |  1  2  3 |
---------------+----------+-----
Unarmed Combat | 3 4 |  4.0
Fighting       | 3 |  3.0
Throwing       | |  1.7
Dodging        | |  2.6

Action                   |  1- 3 |  4- 6 || total
-------------------------+-------+-------++-------
Melee: Unarmed           |   101 |       ||   101
  Use: Potion            |     1 |       ||     1
 Stab: Sleeping          |     2 |       ||     2
       Invisible         |     1 |       ||     1
Armor: Leather armour    |    21 |       ||    21
Dodge: Dodged            |    41 |       ||    41

Table legend: (Time is in decaauts)
 A = Elapsed time spent in this place.
 B = Non-inter-level travel time spent in this place.
 C = Inter-level travel time spent in this place.
 D = Time resting spent in this place.
 E = Time spent auto-exploring this place.
 F = Levels seen in this place.
 G = Mean time per level.
                   A        B        C        D        E       F      G
               +--------+--------+--------+--------+--------+-----+--------+
         Total |   1995 |   1695 |    300 |    321 |   1129 |   3 |  665.0 |
       Dungeon |   1995 |   1695 |    300 |    321 |   1129 |   3 |  665.0 |
               +--------+--------+--------+--------+--------+-----+--------+

Top non-repeatable levels by time:
     D:1: 1057 daAuts
     D:2: 802 daAuts
     D:3: 136 daAuts
